 Dungeon Crawl Stone Soup version 0.28.0-45-g0d030f2227 (webtiles) character file.

Game seed: 6623201285240489915

121 Zeld the Firebug (level 4, 0/24 HPs)
             Began as a Deep Elf Fire Elementalist on Apr 18, 2022.
             Slain by Grinder (3 damage)
             ... on level 3 of the Dungeon.
             The game lasted 00:03:16 (2667 turns).

Zeld the Firebug (Deep Elf Fire Elementalist)       Turns: 2667, Time: 00:03:17

Health: 0/24       AC:  3    Str:  5    XL:     4   Next: 76%
Magic:  7/12       EV: 13    Int: 22    God:
Gold:   87         SH:  0    Dex: 15    Spells: 4/11 levels left

rFire   . . .      SeeInvis .   (no weapon)
rCold   . . .      Faith    .   (no shield)
rNeg    . . .      Spirit   .   a - +0 robe
rPois   .          Reflect  .   (no helmet)
rElec   .          Harm     .   e - +0 cloak
rCorr   .          Rampage  .   (no gloves)
Will    .....                   (no boots)
Stlth   ++........              (no amulet)
HPRegen 0.08/turn               (no ring)
MPRegen 0.13/turn               (no ring)

@: no status effects
A: no striking features
a: no special abilities


You were on level 3 of the Dungeon.
You visited 1 branch of the dungeon, and saw 3 of its levels.

You collected 87 gold pieces.

Inventory:

Armour
 a - a +0 robe (worn)
 e - a +0 cloak (worn)
Scrolls
 b - 2 scrolls of enchant armour {unknown}
 c - a scroll of vulnerability {unknown}
 g - a scroll of fear {unknown}
 h - 2 scrolls of identify {unknown}
 j - a scroll of fog {unknown}
 k - a scroll of teleportation {unknown}
Potions
 d - 2 potions of heal wounds {unknown}
 f - a potion of mutation {unknown}
 i - 2 potions of lignification {unknown}


   Skills:
 + Level 0.9 Fighting
 + Level 2.9 Dodging
 + Level 3.2 Stealth
 * Level 4.2 Spellcasting
 + Level 1.8 Conjurations
 * Level 4.3 Fire Magic


You had 4 spell levels left.
You knew the following spells:

 Your Spells              Type           Power      Damage    Failure   Level
a - Foxfire               Conj/Fire      72%        2x1d7     3%          1
b - Scorch                Fire           46%        2d7       2%          2
c - Flame Wave            Conj/Fire      18%        2d6       30%         4

Your spell library contained the following spells:

 Spells                   Type           Power      Damage    Failure   Level
 Conjure Flame            Conj/Fire      18%        6-21      9%          3
 Animate Skeleton         Necr           8%         N/A       11%         1
 Pain                     Necr           16%        1d4       11%         1
 Inner Flame              Hex/Fire       14%        N/A       13%         3
 Portal Projectile        Hex/Tloc       8%         N/A       32%         3
 Summon Guardian Golem    Hex/Summ       4%         N/A       32%         3
 Vampiric Draining        Necr           4%         2d6       32%         3
 Anguish                  Hex/Necr       2%         N/A       73%         4
 Summon Lightning Spire   Summ/Air       4%         N/A       73%         4
 Metabolic Englaciation   Hex/Ice        2%         N/A       97%         5
 Storm Form               Tmut/Air       2%         N/A       100%        7
 Maxwell's Capacitive Co  Air            2%         ∞         100%        8


Dungeon Overview and Level Annotations

Branches:
Dungeon (3/15)

Altars:

Annotations:
D:3 Grinder


Message History

Casting: Foxfire (safe; 3% risk of failure)
Confirm with . or Enter, or press ? or * to list all spells.
You conjure some foxfire!
Grinder shouts!
The foxfire hits Grinder.
Grinder is lightly wounded.
The foxfire hits Grinder but does no damage.
Grinder is lightly wounded.
The foxfire hits Grinder!
Grinder is moderately wounded.
Grinder blinks!
You start resting.
Your foxfire dissipates!
Casting: Foxfire (safe; 3% risk of failure)
Confirm with . or Enter, or press ? or * to list all spells.
You conjure some foxfire!
The foxfire hits Grinder.
Grinder is moderately wounded.
Grinder drinks a potion.
Grinder seems to speed up.
Casting: Foxfire (safe; 3% risk of failure)
Confirm with . or Enter, or press ? or * to list all spells.
You conjure some foxfire!
Grinder gestures at you.
You suddenly lose the ability to move!
The foxfire hits Grinder.
Grinder is heavily wounded.
The foxfire hits Grinder.
Grinder is heavily wounded.
Grinder hits you.
You writhe in agony.
Grinder hits you. x2
* * * LOW HITPOINT WARNING * * *
You writhe in agony.
* * * LOW HITPOINT WARNING * * *
You can move again.
Casting: Foxfire (safe; 3% risk of failure)
Confirm with . or Enter, or press ? or * to list all spells.
Flames lash Grinder.
Grinder is severely wounded.
Grinder's fire resistance burns away.
Grinder hits you.
You die...

#..........##........(..###
#..........##...........'..
#..........##...........###
##############...#......#
######.......##......###
.............##......##.
.................######.
...............v.# #.
......5@...<.....######.
.................##.....
.......#####.....##.###.
....... #.....##.....
....... #.....######.
.###### ######.......
#....... #....... #.......


You could see Grinder (fast, combustible).

Vanquished Creatures
  4 gnolls (D:3)
  2 adders
  3 dart slugs (D:1)
  5 bats
  5 endoplasms
  6 giant cockroaches
  8 goblins
  3 hobgoblins
  2 quokkas
  3 ball pythons
  5 frilled lizards
  6 kobolds
  5 rats
57 creatures vanquished.

Vanquished Creatures (others)
  216 foxfires
216 creatures vanquished.

Grand Total: 273 creatures vanquished

Notes
Turn   | Place    | Note
-------+----------+-------------------------------------------
     0 | D:1      | Zeld the Deep Elf Fire Elementalist began the quest for the
                  | Orb.
     0 | D:1      | Reached XP level 1. HP: 10/10 MP: 6/6
   194 | D:1      | Reached XP level 2. HP: 15/15 MP: 5/8
   296 | D:1      | Learned a level 2 spell: Scorch
   644 | D:1      | Found a faded altar of an unknown god.
   699 | D:1      | Reached XP level 3. HP: 20/20 MP: 6/10
  1263 | D:2      | Got the Disquisition on the Oath
  1831 | D:3      | Reached XP level 4. HP: 24/24 MP: 6/11
  2390 | D:3      | Learned a level 4 spell: Flame Wave
  2649 | D:3      | Noticed Grinder
  2663 | D:3      | Paralysed by Grinder for 4 turns
  2667 | D:3      | Slain by Grinder

Illustrated notes

Levels and vault maps discovered:
D:1:      dpeg_arrival_rhombi, layout_rooms, dreamdust_ecumenical_altar_statues
D:2:      layout_loops_cross, minivault_27, grunt_ministairs_7,
          minmay_worlds_worst_comb
D:3:      layout_basic, uniq_grinder

Skill      XL: |  1  2  3  4 |
---------------+-------------+-----
Stealth        | 3 |  3.2
Fire Magic     | 4 |  4.3
Spellcasting   | 4 |  4.2
Fighting       | |  0.9
Dodging        | |  2.9
Conjurations   | |  1.8

Action                   |  1- 3 |  4- 6 || total
-------------------------+-------+-------++-------
 Cast: Foxfire           |    90 |    44 ||   134
       Scorch            |     1 |     4 ||     5
Armor: Robe              |     3 |     2 ||     5
Dodge: Dodged            |    11 |     2 ||    13
